 Dungeon Crawl Stone Soup version 0.27.1-2-g3b301248ec (webtiles) character file.

Game seed: 13237534844857251657

37 Metae the Skirmisher (level 3, -2/29 HPs)
             Began as a Demonspawn Abyssal Knight on Sept 28, 2021.
             Was a Follower of Lugonu.
             Slain by a gnoll (4 damage)
             ... on level 2 of the Dungeon.
             The game lasted 00:05:22 (1509 turns).

Metae the Skirmisher (Demonspawn Abyssal Knight)    Turns: 1509, Time: 00:05:23

Health: -2/29      AC:  8    Str: 13    XL:     3   Next: 21%
Magic:  5/5        EV:  6    Int: 13    God:    Lugonu [*.....]
Gold:   65         SH:  0    Dex: 12    Spells: 2/2 levels left

rFire    . . .     SeeInvis .   a - +1 spear
rCold    . . .     Faith    .   (no shield)
rNeg     . . .     Spirit   .   d - +0 chain mail
rPois    .         Reflect  .   (no helmet)
rElec    .         Harm     .   (no cloak)
rCorr    .         Rampage  .   (no gloves)
Will     .....                  (no boots)
Stlth    ..........             (no amulet)
HPRegen  0.09/turn              (no ring)
MPRegen  0.09/turn              (no ring)

@: no status effects
A: powered by pain 1
a: Renounce Religion, Depart the Abyss


You were on level 2 of the Dungeon.
You worshipped Lugonu.
Lugonu was aware of your devotion.
You visited 1 branch of the dungeon, and saw 2 of its levels.
You visited the Abyss 1 time.

You collected 65 gold pieces.

Inventory:

Hand Weapons
 a - a +1 spear (weapon)
Missiles
 e - 2 boomerangs
Armour
 b - a +0 leather armour
 d - a +0 chain mail (worn)
Scrolls
 g - a scroll of magic mapping {unknown}
 h - a scroll of identify {unknown}
 i - 2 scrolls of immolation {unknown}
 k - a scroll of blinking {unknown}
 l - 3 scrolls of enchant weapon {unknown}
Potions
 c - 2 potions of curing {unknown}
 f - a potion of resistance {unknown}
 j - a potion of degeneration {unknown}


   Skills:
 + Level 3.3 Fighting
 + Level 2.2 Polearms
 + Level 2.2 Armour
 - Level 0.8 Dodging
 + Level 3.1 Invocations


You had 2 spell levels left.
You didn't know any spells.
Your spell library was empty.

Dungeon Overview and Level Annotations

Branches:
Dungeon (2/15)

Altars:


Innate Abilities, Weirdness & Mutations

You sometimes gain a little power by taking damage.


Message History

The goblin unwields a +0 club.
The goblin wields a +0 hunting sling.
The goblin shoots a stone.
The stone hits you but does no damage.
You see here a hobgoblin corpse.
You hit the hobgoblin.
The hobgoblin is severely wounded.
The hobgoblin hits you.
You barely miss the hobgoblin.
The hobgoblin is severely wounded.
The hobgoblin hits you but does no damage.
You barely miss the hobgoblin.
The hobgoblin is severely wounded.
The hobgoblin barely misses you.
You hit the hobgoblin.
You kill the hobgoblin!
Lugonu accepts your kill.
The quokka twitches its whiskers.
You closely miss the quokka.
The quokka bites you but does no damage.
You hit the quokka.
You kill the quokka!
Lugonu accepts your kill.
The goblin shoots a stone.
The stone hits you.
The gnoll hits you from afar with a +0 spear.
The goblin unwields a +0 hunting sling.
The goblin wields a +0 club.
The goblin barely misses you.
You hit the goblin.
You kill the goblin!
Lugonu accepts your kill. The gnoll barely misses you.
The gnoll hits you with a +0 spear.
Items here: ( )) †.
You hit the gnoll.
The gnoll is lightly wounded.
The gnoll hits you with a +0 spear!
You hit the gnoll but do no damage.
The gnoll is lightly wounded.
The gnoll hits you with a +0 spear!
* * * LOW HITPOINT WARNING * * *
The gnoll hits you from afar with a +0 spear.
You die...

.# #.... .. .#
#.#.#. .#
##...## .#
#..#..# .#####
.##...## #†...#
.. ..##.##
.....# #.
#.#.g.# .....#
#.##.##)##
.....# .. ..#@#
#....# #.##.#.#
#....###
#..#.#.#
##...).# #.#...#
#.....# #...###
#.....# ##..#
##.##### #†.#
...##########..#
..............>#


You could see a gnoll.

Vanquished Creatures
  2 dart slugs (D:1)
  A ball python (D:1)
  4 bats (D:1)
  2 endoplasms
  4 goblins
  6 hobgoblins
  2 jackals (D:2)
  2 quokkas (D:2)
  A frilled lizard (D:1)
  5 rats
29 creatures vanquished.

Notes
Turn   | Place    | Note
-------+----------+-------------------------------------------
     0 | Abyss:1  | Metae the Demonspawn Abyssal Knight began the quest for the
                  | Orb.
     0 | Abyss:1  | Reached XP level 1. HP: 18/18 MP: 2/2
     0 | D:1      | Escaped the Abyss
   228 | D:1      | Gained mutation: You sometimes gain a little power by
                  | taking damage. [demonic ancestry]
   228 | D:1      | Reached XP level 2. HP: 10/24 MP: 4/4
   423 | D:1      | Reached * piety under Lugonu
  1332 | D:2      | Reached XP level 3. HP: 24/29 MP: 5/5
  1509 | D:2      | Slain by a gnoll

Illustrated notes

Levels and vault maps discovered:
D:1:      lemuel_arrival_rhombus, layout_basic,
          wander_ebering_terrifying_dragon_lair
D:2:      minmay_spotlight, layout_basic, basic_altar

Skill      XL: |  1  2 |
---------------+-------+-----
Polearms       | 2 |  2.2
Armour         | 2 |  2.2
Invocations    | 3 |  3.1
Fighting       | |  3.3
Dodging        | |  0.8

Action                   || total
-------------------------++-------
Melee: Spear             ||   105
Invok: Depart the Abyss  ||     1
 Stab: Sleeping          ||     1
Armor: Leather armour    ||    13
       Chain mail        ||    54
Dodge: Dodged            ||    39
